[ AOE2 MATCH · #505748914 ]
UnrankedLithuanians vs Tupi
Rival team · LOSS
[ REPLAY ANALYSIS · EXTRACTED FROM THE RECORDED GAME ]
Feudal
8:51
Castle
24:01
Imperial
38:11
| APM avg | 36.1 |
| APM peak | 81 |
| eAPM avg | 24.4 |
| Villagers / military | 172 / 87 |
Focus
⚔️ 36.1% · 🌾 63.9%
Scout Cavalry ×38 · Hand Cannoneer ×15 · Leitis ×12 · Trebuchet (Packed) ×6 · Monk ×4 · Archer ×4
Feudal
14:29
Castle
22:54
Imperial
37:38
| APM avg | 36.0 |
| APM peak | 78 |
| eAPM avg | 18.8 |
| Villagers / military | 96 / 62 |
Focus
⚔️ 24.8% · 🌾 75.2%
Spearman ×48 · Monk ×7 · Unknown (2579) ×4 · Trebuchet (Packed) ×4 · Battering Ram ×2 · Unknown (2582) ×2
Match map
Initial resources + every placement click. Lines = walls · curves = elevation contours. ◆ gold · ⬟ stone · ● berries · ✦ relic · ◌ wall gap
Your base· Open — unwalled flank
TE MS MOE's base· Open — unwalled flank
Smoothed initial terrain · ◌ = detected wall gap · hover for details
Inputs per minute
— Sportfan - - TE MS MOE
Build order — Sportfan
First 150 of 448 actions detected
| 0:01 | Queue | Villager (Male) |
| 0:01 | Queue | Villager (Male) |
| 0:01 | Queue | Villager (Male) |
| 0:02 | Build | House |
| 0:03 | Build | House |
| 0:10 | Queue | Villager (Male) |
| 0:11 | Queue | Villager (Male) |
| 0:11 | Queue | Villager (Male) |
| 1:26 | Queue | Villager (Male) |
| 1:58 | Build | Lumber Camp |
| 2:00 | Queue | Villager (Male) |
| 2:31 | Queue | Villager (Male) |
| 2:32 | Queue | Villager (Male) |
| 2:55 | Queue | Villager (Male) |
| 3:00 | Build | House |
| 3:19 | Queue | Villager (Male) |
| 3:20 | Queue | Villager (Male) |
| 3:41 | Queue | Villager (Male) |
| 3:41 | Queue | Villager (Male) |
| 4:22 | Queue | Villager (Male) |
| 4:29 | Build | Mill |
| 5:01 | Queue | Villager (Male) |
| 5:30 | Queue | Villager (Male) |
| 5:53 | Queue | Villager (Male) |
| 6:38 | Research | Feudal Age |
| 7:23 | Research | Loom |
| 7:36 | Build | Lumber Camp |
| 8:00 | Queue | Villager (Male) |
| 8:51 | Age | Feudal Age |
| 8:54 | Build | House |
| 9:20 | Queue | Villager (Male) |
| 9:41 | Build | Town Center |
| 10:21 | Build | Palisade Wall |
| 10:23 | Build | Palisade Wall |
| 10:24 | Build | Palisade Wall |
| 10:25 | Build | Palisade Wall |
| 10:27 | Build | Palisade Wall |
| 10:31 | Build | Palisade Wall |
| 10:37 | Build | Palisade Wall |
| 10:39 | Build | Palisade Wall |
| 10:41 | Build | Palisade Wall |
| 10:43 | Build | Palisade Wall |
| 10:51 | Build | Palisade Wall |
| 10:56 | Build | Palisade Wall |
| 10:57 | Queue | Villager (Male) |
| 11:07 | Queue | Villager (Male) |
| 11:16 | Queue | Villager (Male) |
| 11:21 | Research | Double-Bit Axe |
| 11:22 | Research | Double-Bit Axe |
| 11:47 | Queue | Villager (Male) |
| 11:53 | Build | House |
| 11:54 | Build | House |
| 12:07 | Build | Mining Camp |
| 12:10 | Queue | Villager (Male) |
| 12:23 | Build | Barracks |
| 12:29 | Queue | Villager (Male) |
| 12:43 | Build | Farm |
| 12:45 | Build | Farm |
| 12:55 | Queue | Villager (Male) |
| 13:03 | Queue | Villager (Male) |
| 13:16 | Build | House |
| 13:17 | Build | House |
| 13:33 | Build | Archery Range |
| 13:38 | Queue | Villager (Male) |
| 13:49 | Queue | Villager (Male) |
| 13:51 | Build | Farm |
| 13:53 | Build | Farm |
| 14:15 | Queue | Archer |
| 14:19 | Queue | Villager (Male) |
| 14:37 | Queue | Villager (Male) |
| 14:40 | Build | Lumber Camp |
| 14:52 | Queue | Villager (Male) |
| 14:56 | Queue | Skirmisher |
| 14:56 | Queue | Skirmisher |
| 15:11 | Build | Mining Camp |
| 15:11 | Queue | Villager (Male) |
| 15:19 | Queue | Archer |
| 15:28 | Build | House |
| 15:40 | Queue | Villager (Male) |
| 16:03 | Build | Blacksmith |
| 16:06 | Build | Farm |
| 16:17 | Build | Watch Tower |
| 16:25 | Build | Farm |
| 16:32 | Build | House |
| 16:33 | Build | House |
| 16:39 | Queue | Villager (Male) |
| 16:50 | Queue | Archer |
| 16:50 | Queue | Archer |
| 16:59 | Build | Watch Tower |
| 17:00 | Queue | Villager (Male) |
| 17:05 | Build | Farm |
| 17:09 | Build | Farm |
| 17:26 | Build | Farm |
| 17:56 | Build | Farm |
| 17:57 | Queue | Villager (Male) |
| 18:01 | Build | Market |
| 18:03 | Build | Farm |
| 18:09 | Queue | Villager (Male) |
| 18:20 | Queue | Villager (Male) |
| 18:25 | Build | Farm |
| 18:44 | Queue | Villager (Male) |
| 18:55 | Queue | Villager (Male) |
| 19:10 | Build | Farm |
| 19:17 | Build | House |
| 19:22 | Queue | Villager (Male) |
| 19:42 | Build | Mill |
| 19:43 | Build | Farm |
| 19:47 | Build | House |
| 19:49 | Build | House |
| 19:50 | Build | Palisade Wall |
| 19:57 | Build | Farm |
| 20:04 | Build | Palisade Gate |
| 20:05 | Build | Palisade Wall |
| 20:05 | Build | Palisade Wall |
| 20:18 | Queue | Villager (Male) |
| 20:40 | Build | Farm |
| 20:42 | Build | Farm |
| 21:21 | Research | Castle Age |
| 21:21 | Research | Castle Age |
| 21:53 | Research | Horse Collar |
| 21:55 | Build | Farm |
| 22:00 | Build | Stable |
| 22:20 | Build | Farm |
| 22:23 | Research | Stone Mining |
| 22:27 | Research | Fletching |
| 22:28 | Research | Fletching |
| 22:53 | Queue | Scout Cavalry |
| 22:55 | Build | Farm |
| 22:56 | Build | Farm |
| 23:22 | Build | Palisade Wall |
| 23:23 | Build | Palisade Wall |
| 23:43 | Queue | Villager (Male) |
| 23:56 | Queue | Scout Cavalry |
| 24:01 | Age | Castle Age |
| 24:03 | Build | Castle |
| 24:07 | Build | Monastery |
| 24:09 | Queue | Villager (Male) |
| 24:12 | Research | Bow Saw |
| 24:21 | Queue | Villager (Male) |
| 25:01 | Queue | Villager (Male) |
| 25:09 | Queue | Leitis |
| 25:09 | Queue | Leitis |
| 25:27 | Queue | Scout Cavalry |
| 25:30 | Queue | Monk |
| 25:42 | Build | Farm |
| 25:42 | Queue | Villager (Male) |
| 26:02 | Queue | Villager (Male) |
| 26:27 | Build | Town Center |
| 26:31 | Queue | Leitis |
| 26:46 | Build | Farm |
Build order — TE MS MOE
First 150 of 249 actions detected
| 0:01 | Queue | Villager (Male) |
| 0:03 | Build | House |
| 0:04 | Build | House |
| 0:14 | Queue | Villager (Male) |
| 0:21 | Queue | Villager (Male) |
| 0:21 | Queue | Villager (Male) |
| 1:09 | Queue | Villager (Male) |
| 1:09 | Queue | Villager (Male) |
| 1:42 | Queue | Villager (Male) |
| 1:43 | Queue | Villager (Male) |
| 1:53 | Build | House |
| 2:10 | Queue | Villager (Male) |
| 2:10 | Queue | Villager (Male) |
| 2:10 | Queue | Villager (Male) |
| 2:17 | Build | Settlement |
| 2:32 | Queue | Villager (Male) |
| 2:32 | Queue | Villager (Male) |
| 2:32 | Queue | Villager (Male) |
| 2:57 | Queue | Villager (Male) |
| 2:57 | Queue | Villager (Male) |
| 2:57 | Queue | Villager (Male) |
| 3:45 | Queue | Villager (Male) |
| 3:45 | Queue | Villager (Male) |
| 3:45 | Queue | Villager (Male) |
| 3:45 | Queue | Villager (Male) |
| 4:12 | Queue | Villager (Male) |
| 4:13 | Queue | Villager (Male) |
| 4:13 | Queue | Villager (Male) |
| 4:13 | Queue | Villager (Male) |
| 4:54 | Research | Loom |
| 4:54 | Research | Loom |
| 5:00 | Queue | Villager (Male) |
| 5:00 | Queue | Villager (Male) |
| 5:00 | Queue | Villager (Male) |
| 5:18 | Queue | Villager (Male) |
| 5:18 | Queue | Villager (Male) |
| 5:18 | Queue | Villager (Male) |
| 5:19 | Queue | Villager (Male) |
| 5:19 | Queue | Villager (Male) |
| 5:19 | Queue | Villager (Male) |
| 6:20 | Build | House |
| 6:51 | Build | Town Center |
| 6:58 | Build | Palisade Wall |
| 7:00 | Build | Palisade Wall |
| 7:35 | Queue | Villager (Male) |
| 8:00 | Build | Settlement |
| 8:02 | Queue | Villager (Male) |
| 8:03 | Queue | Villager (Male) |
| 8:03 | Queue | Villager (Male) |
| 8:03 | Queue | Villager (Male) |
| 8:48 | Queue | Villager (Male) |
| 8:48 | Queue | Villager (Male) |
| 8:48 | Queue | Villager (Male) |
| 8:48 | Queue | Villager (Male) |
| 9:49 | Queue | Villager (Male) |
| 9:49 | Queue | Villager (Male) |
| 9:50 | Queue | Villager (Male) |
| 10:54 | Queue | Villager (Male) |
| 11:08 | Build | Settlement |
| 11:26 | Queue | Villager (Male) |
| 11:54 | Queue | Villager (Male) |
| 12:10 | Research | Feudal Age |
| 12:11 | Research | Feudal Age |
| 12:54 | Build | Barracks |
| 13:26 | Build | Outpost |
| 14:15 | Build | Outpost |
| 14:29 | Age | Feudal Age |
| 14:34 | Queue | Spearman |
| 14:40 | Research | Double-Bit Axe |
| 14:41 | Research | Double-Bit Axe |
| 14:42 | Research | Town Watch |
| 14:42 | Research | Town Watch |
| 15:05 | Queue | Villager (Male) |
| 15:18 | Build | Market |
| 15:29 | Queue | Villager (Male) |
| 16:09 | Queue | Villager (Male) |
| 16:18 | Build | Settlement |
| 16:34 | Build | Watch Tower |
| 16:46 | Build | Blacksmith |
| 16:51 | Queue | Villager (Male) |
| 17:09 | Build | Watch Tower |
| 17:23 | Research | Fletching |
| 17:23 | Research | Fletching |
| 17:26 | Queue | Villager (Male) |
| 17:30 | Build | Farm |
| 17:31 | Build | Farm |
| 18:03 | Build | Farm |
| 18:08 | Build | Farm |
| 18:11 | Build | Farm |
| 18:40 | Build | Farm |
| 18:53 | Build | Farm |
| 18:57 | Build | Farm |
| 19:27 | Build | Farm |
| 19:58 | Build | Farm |
| 20:14 | Research | Castle Age |
| 20:15 | Research | Castle Age |
| 20:27 | Build | Farm |
| 20:50 | Build | Settlement |
| 21:30 | Build | Watch Tower |
| 21:52 | Research | Forging |
| 21:53 | Research | Forging |
| 22:00 | Research | Gold Mining |
| 22:00 | Research | Gold Mining |
| 22:54 | Age | Castle Age |
| 22:56 | Build | Siege Workshop |
| 22:59 | Queue | Unit 2582 |
| 22:59 | Queue | Unit 2582 |
| 23:02 | Research | Scale Mail Armor |
| 23:03 | Research | Scale Mail Armor |
| 23:26 | Queue | Mangonel |
| 23:29 | Research | Squires |
| 23:30 | Research | Squires |
| 23:48 | Queue | Battering Ram |
| 23:49 | Queue | Villager (Male) |
| 23:58 | Build | House |
| 24:11 | Build | Town Center |
| 24:23 | Build | House |
| 24:27 | Build | Palisade Wall |
| 25:25 | Build | Town Center |
| 25:37 | Build | Monastery |
| 26:07 | Queue | Monk |
| 26:07 | Queue | Monk |
| 26:09 | Queue | Villager (Male) |
| 26:27 | Queue | Villager (Male) |
| 26:35 | Queue | Monk |
| 26:36 | Queue | Villager (Male) |
| 26:39 | Queue | Villager (Male) |
| 26:42 | Queue | Villager (Male) |
| 26:59 | Queue | Villager (Male) |
| 27:18 | Build | Settlement |
| 27:37 | Queue | Villager (Male) |
| 27:40 | Queue | Villager (Male) |
| 27:43 | Research | Stone Mining |
| 27:43 | Research | Stone Mining |
| 27:48 | Queue | Monk |
| 27:48 | Queue | Monk |
| 27:55 | Build | Farm |
| 27:56 | Build | Farm |
| 28:04 | Queue | Villager (Male) |
| 28:05 | Queue | Villager (Male) |
| 28:19 | Research | Sanctity |
| 28:19 | Research | Sanctity |
| 28:21 | Build | Farm |
| 28:28 | Queue | Villager (Male) |
| 28:32 | Queue | Villager (Male) |
| 28:56 | Queue | Villager (Male) |
| 28:59 | Queue | Villager (Male) |
| 29:10 | Queue | Villager (Male) |
| 29:12 | Build | Farm |
| 29:13 | Build | Farm |
Match timeline
| 6:58 | TE MS MOE · wall_segment Palisade Wall x1 |
| 7:00 | TE MS MOE · wall_segment Palisade Wall x2 |
| 8:51 | Sportfan · age_up feudal |
| 10:21 | Sportfan · wall_segment Palisade Wall x1 |
| 10:23 | Sportfan · wall_segment Palisade Wall x1 |
| 10:24 | Sportfan · wall_segment Palisade Wall x1 |
| 10:25 | Sportfan · wall_segment Palisade Wall x1 |
| 10:27 | Sportfan · wall_segment Palisade Wall x1 |
| 10:31 | Sportfan · wall_segment Palisade Wall x1 |
| 10:37 | Sportfan · wall_segment Palisade Wall x1 |
| 10:39 | Sportfan · wall_segment Palisade Wall x1 |
| 10:41 | Sportfan · wall_segment Palisade Wall x1 |
| 10:43 | Sportfan · wall_segment Palisade Wall x1 |
| 10:51 | Sportfan · wall_segment Palisade Wall x1 |
| 10:56 | Sportfan · wall_segment Palisade Wall x2 |
| 12:23 | Sportfan · first_building Barracks |
| 12:54 | TE MS MOE · first_building Barracks |
| 13:33 | Sportfan · first_building Archery Range |
| 14:29 | TE MS MOE · age_up feudal |
| 19:14 | Sportfan · first_market_buy 100 food |
| 19:36 | TE MS MOE · first_market_buy 100 food |
| 19:50 | Sportfan · wall_segment Palisade Wall x6 |
| 19:53 | TE MS MOE · first_market_sell 100 stone |
| 20:05 | Sportfan · wall_segment Palisade Wall x1 |
| 20:05 | Sportfan · wall_segment Palisade Wall x1 |
| 20:17 | Sportfan · first_market_sell 100 wood |
| 22:00 | Sportfan · first_building Stable |
| 22:54 | TE MS MOE · age_up castle |
| 22:56 | TE MS MOE · first_building Siege Workshop |
| 23:22 | Sportfan · wall_segment Palisade Wall x1 |
| 23:23 | Sportfan · wall_segment Palisade Wall x1 |
| 24:01 | Sportfan · age_up castle |
| 24:03 | Sportfan · first_building Castle |
| 24:07 | Sportfan · first_building Monastery |
| 24:27 | TE MS MOE · wall_segment Palisade Wall x1 |
| 25:37 | TE MS MOE · first_building Monastery |
| 33:26 | TE MS MOE · first_building Castle |
| 37:38 | TE MS MOE · age_up imperial |
| 37:56 | Sportfan · first_building Siege Workshop |
| 38:11 | Sportfan · age_up imperial |
| 45:31 | TE MS MOE · resign |
[ AI ANALYSIS · 1 CREDIT ]
What really happened in this match?
Wolo.gg analyzes every decision: build order, eco, micro, common mistakes by bracket. Personalized analysis on WhatsApp or Discord in 30 seconds.
Civ guide
Lithuanians
Perfil
Jugador #2268330